Map: Eastwatch LE

Players

Scarlett - Winner!

  • Race: Zerg Zerg
  • Spawn Location: 7:00

Trust

  • Race: Protoss Protoss
  • Spawn Location: 1:00

Event: IEM Season 12 - Katowice

VOD

Have the link to the VOD?

Description

Time

  • Played on: Feb. 26, 2018, 11:49 a.m.
  • Length: 7:26

All games in this series

Show
View Real Time Build Order
Export as new Build Order

Scarlett Zerg - Winner!

Build Orders: Hatch First 

Get SALT Encoding   

  12  0:00  Drone  
  13  0:12  Overlord  
  13  0:17  Drone  
  14  0:30  Drone  
  14  0:31  Drone  
  14  0:35  Drone  
  17  0:50  Hatchery  
  17  0:54  Drone  
  18  0:57  Drone  
  18  1:05  Extractor  
  17  1:12  Spawning Pool  
  17  1:15  Drone  
  17  1:19  Drone  
  18  1:28  Drone  
  19  1:38  Drone  
  20  1:49  Overlord  
  20  1:58  Queen  
  22  2:02  Queen  
  22  2:04  Drone, Zergling x2  
  22  2:05  Metabolic Boost  
  26  2:11  Drone  
  27  2:16  Drone  
  27  2:21  Zergling x2  
  29  2:30  Drone  
  29  2:33  Drone  
  29  2:34  Queen  
  29  2:35  Drone  
  34  2:49  Hatchery  
  33  2:51  Overlord  
  33  2:53  Zergling x2  
  33  2:55  Zergling x2  
  35  3:07  Drone, Overlord  
  36  3:16  Spore Crawler  
  35  3:20  Drone x2  
  35  3:21  Drone x5  
  42  3:30  Overlord  
  42  3:35  Drone, Evolution Chamber  
  42  3:45  Drone x2  
  44  3:50  Drone  
  44  3:51  Drone  
  44  3:55  Drone x3  
  48  3:56  Lair  
  48  4:01  Extractor  
  46  4:03  Drone x2  
  46  4:04  Drone  
  46  4:08  Roach Warren  
  48  4:13  Drone x4  
  52  4:17  Extractor  
  52  4:19  Drone  
  52  4:20  Drone x2  
  52  4:21  Extractor  
  52  4:23  Drone x2  
  55  4:25  Drone  
  56  4:33  Drone x3  
  59  4:40  Drone x2  
  59  4:45  Overlord x2  
  61  4:47  Overlord  
  61  4:49  Drone x2, Overlord  
  63  4:55  Glial Reconstitution  
  63  4:56  Roach  
  65  5:00  Overlord  
  65  5:03  Queen  
  65  5:04  Roach  
  65  5:05  Roach  
  71  5:07  Overseer  
  71  5:08  Roach  
  71  5:10  Roach  
  71  5:11  Roach  
  71  5:13  Roach  
  79  5:15  Roach  
  79  5:19  Spine Crawler  
  79  5:20  Roach  
  82  5:22  Roach x3  
  82  5:25  Roach  
  82  5:27  Roach  
  79  5:44  Roach x3  
  79  5:55  Roach  
  79  5:56  Roach x7  
  74  6:10  Drone x3  
  74  6:11  Drone  
  76  6:19  Drone  
  76  6:20  Drone x6  
  76  6:24  Queen  
  83  6:28  Roach x2  
  83  6:32  Roach  
  89  6:34  Roach  
  89  6:37  Roach  
  89  6:39  Roach  
  95  6:46  Roach  
  95  6:47  Roach  
  97  6:54  Roach  
  99  6:58  Roach x2  
  101  7:04  Overseer  
  101  7:06  Roach  
  101  7:08  Overlord  
  105  7:10  Drone  
Show
View Real Time Build Order
Export as new Build Order

Trust Protoss 

Build Orders: 1 Gate Expand 

Get SALT Encoding   

  12  0:00  Probe  
  13  0:12  Probe  
  14  0:18  Pylon  
  14  0:24  Probe (Chrono Boost)  
  15  0:36  Probe (Chrono Boost)  
  15  0:38  Gateway  
  16  0:45  Probe (Chrono Boost)  
  16  0:47  Assimilator  
  17  0:51  Probe  
  18  1:03  Probe  
  19  1:15  Probe  
  20  1:25  Nexus  
  20  1:38  Cybernetics Core  
  20  1:44  Assimilator  
  20  1:45  Probe  
  21  1:51  Pylon  
  21  1:57  Probe  
  22  2:09  Probe  
  22  2:14  Adept (Chrono Boost), Stargate  
  25  2:22  Probe  
  26  2:23  Warp Gate  
  26  2:32  Adept  
  28  2:37  Probe x2  
  30  2:49  Probe x2  
  32  3:01  Probe  
  32  3:02  Probe  
  37  3:13  Probe, Pylon  
  37  3:14  Probe  
  36  3:24  Robotics Facility, Twilight Council  
  33  3:40  Pylon  
  33  3:43  Adept (Chrono Boost)  
  35  3:56  Pylon, Charge (Chrono Boost)  
  35  3:57  Gateway  
  35  3:59  Gateway  
  33  4:04  Gateway  
  33  4:05  Gateway  
  33  4:07  Pylon  
  33  4:08  Warp Prism (Chrono Boost)  
  33  4:15  Gateway  
  35  4:22  Gateway  
  35  4:26  Gateway  
  35  4:30  Zealot  
  37  4:36  Pylon  
  37  4:50  Pylon  
  37  4:58  Zealot x5  
  45  5:11  Zealot x2  
  49  5:17  Zealot  
  49  5:18  Zealot x4  
  59  5:33  Zealot x4  
  67  5:39  Zealot x2  
  67  5:40  Pylon  
  55  5:51  Zealot x3  
  55  5:53  Zealot  
  55  5:57  Zealot  
  55  6:00  Zealot  
  47  6:11  Zealot  
  47  6:12  Zealot x3  
  47  6:16  Zealot  
  53  6:22  Zealot x2  
  53  6:26  Zealot  
  53  6:33  Zealot x2  
  51  6:50  Zealot x5  
  51  6:52  Zealot  
  57  6:56  Zealot  
  47  7:14  Zealot x4  
  47  7:15  Zealot  
  55  7:17  Zealot  

Tags
 
Add a new tag
Caveats
  • Supply blocks, unpowered buildings, or Contaminate may cause inaccurate times.
  • Supply counts are checked every 10 seconds.